 Seeded DCSS version 0.32-a0-999-gfa1cc04b1d (webtiles) character file.

Game seed: 20240424 (custom seed)

5058 Orlauf the Carver (level 10, -2/124 HPs)
             Began as a Demonspawn Gladiator on Apr 24, 2024.
             Was a Believer of Uskayaw.
             Slain by an acid dragon (4 damage)
             ... on level 10 of the Dungeon.
             The game lasted 00:14:54 (10075 turns).

Orlauf the Carver (Demonspawn Gladiator)           Turns: 10075, Time: 00:14:55

Health: -2/124     AC: 12    Str: 19    XL:     10   Next: 31%
Magic:  12/12      EV: 10    Int:  8    God:    Uskayaw [**....]
Gold:   463        SH:  4    Dex: 17    Spells: 9/9 levels left

rFire   + . .        a - +4 long sword
rCold   + . .        (no shield)
rNeg    . . .        E - +0 plate armour
rPois   +            c - +0 helmet
rElec   +            (no cloak)
rCorr   +            H - +0 pair of gloves
SInv    .            (no boots)
Will    +....        (no amulet) Stlth
                     u - +5 ring of evasion
HPRegen 0.40/turn    (no ring)
MPRegen 0.13/turn

%: no passive effects
@: berserking, resistant, corroded, enlightened, flying, very quick
A: thin skeletal structure 1, icemail 2, condensation shield, demonic magic 1
a: Renounce Religion, Stomp, Line Pass


You were on level 10 of the Dungeon.
You worshipped Uskayaw.
Uskayaw was noncommittal.
You visited 2 branches of the dungeon, and saw 11 of its levels.
You also visited: Sewer.

You collected 481 gold pieces.
You spent 18 gold pieces at shops.

Inventory:

Hand Weapons
 a - a +4 long sword (weapon)
 b - the +5 whip "Huipim" {flame, rPois rF+}
   (You found it on level 2 of the Dungeon)

   rF+:       It protects you from fire.
   rPois:     It protects you from poison.
 r - the +7 short sword of Sieheng {drain, rElec rN+}
   (You took it off a kobold on level 3 of the Dungeon)

   rElec:     It insulates you from electricity.
   rN+:       It protects you from negative energy.
 v - a +0 demon whip of electrocution
 x - a +2 great sword
Missiles
 d - 4 throwing nets (quivered)
 e - 8 javelins
 o - 49 poisoned darts
 B - a curare-tipped dart
Armour
 c - a +0 helmet (worn)
 E - a +0 plate armour (worn)
 H - a +0 pair of gloves (worn)
Jewellery
 u - a +5 ring of evasion (left hand)
 I - a ring of wizardry
Wands
 i - a wand of flame (1)
 C - a wand of iceblast (14)
Scrolls
 l - a scroll of vulnerability
 q - 2 scrolls of fear
 t - 5 scrolls of teleportation
 w - 2 scrolls of poison
 A - a scroll of enchant weapon
 D - 3 scrolls of blinking
Potions
 f - 3 potions of attraction
 g - 2 potions of brilliance
 h - 2 potions of haste
 j - 5 potions of mutation
 k - 6 potions of curing
 p - 4 potions of ambrosia
 s - 3 potions of lignification
 z - a potion of might
Miscellaneous
 G - a Gell's gravitambourine (2/2)


   Skills:
 + Level 9.0 Fighting
 * Level 11.6 Long Blades
 - Level 0.7 Maces & Flails
 - Level 1.7 Throwing
 - Level 2.6 Dodging
 + Level 2.8 Invocations


You had 9 spell levels left.
You didn't know any spells.
Your spell library contained the following spells:

 Spells                   Type           Power      Damage    Failure   Level
 Apportation              Tloc           0%         N/A       100%        1
 Magic Dart               Conj           0%         1d3       100%        1
 Slow                     Hex            0%         N/A       100%        1
 Ensorcelled Hibernation  Hex/Ice        0%         N/A       100%        2
 Lesser Beckoning         Tloc           0%         N/A       100%        2
 Mercury Vapours          Alch/Air       0%         N/A       100%        2
 Searing Ray              Conj           0%         2d4       100%        2
 Confusing Touch          Hex            0%         N/A       100%        3
 Dazzling Flash           Conj/Hex       0%         N/A       100%        3
 Fugue of the Fallen      Necr           0%         N/A       100%        3
 Mephitic Cloud           Conj/Alch/Air  0%         N/A       100%        3
 Teleport Other           Tloc           0%         N/A       100%        3
 Vampiric Draining        Necr           0%         2d6       100%        3
 Anguish                  Hex/Necr       0%         N/A       100%        4
 Fulminant Prism          Conj/Alch      0%         3d5       100%        4
 Alistair's Intoxication  Alch           0%         N/A       100%        5
 Borgnjor's Vile Clutch   Necr/Erth      0%         N/A       100%        5
 Freezing Cloud           Conj/Ice/Air   0%         6-21      100%        5
 Silence                  Hex/Air        0%         N/A       100%        5
 Summon Forest            Summ/Tloc      0%         N/A       100%        5
 Summon Mana Viper        Hex/Summ       0%         N/A       100%        5
 Dispersal                Tloc           0%         N/A       100%        6
 Eringya's Noxious Bog    Alch           0%         4d6       100%        6
 Gell's Gavotte           Tloc           0%         2d(11-16) 100%        6
 Summon Cactus Giant      Summ           0%         N/A       100%        6
 Malign Gateway           Summ/Tloc      0%         N/A       100%        7
 Manifold Assault         Tloc           0%         N/A       100%        7
 Disjunction              Tloc           0%         N/A       100%        8


Dungeon Overview and Level Annotations

Branches:
Dungeon (10/15)            Temple (1/1) D:7            Lair (0/5) D:9
    Orc (0/2) D:9           Sewer (visited)

Altars:
Ashenzari
Cheibriados
Dithmenos
Fedhas
Gozag
Hepliaklqana
Kikubaaqudgha
Makhleb
Nemelex Xobeh
Okawaru
Qazlal
Ru
Sif Muna
Trog
Uskayaw
Vehumet
Wu Jian
Xom
Yredelemnul

Shops:
D:1 *   D:4 *   D:6 [


Innate Abilities, Weirdness & Mutations

You have a somewhat thin skeletal structure. (Dex +2, Stealth+)
A meltable icy envelope protects you from harm. (AC +8)
A meltable shield of frost defends you. (SH +4)
Spells you cast may paralyse adjacent enemies.


Message History

You block the acid dragon's attack.
The acid dragon claws you but does no damage.
The gargoyle hits you with a +0 flail!
You hit the acid dragon.
The acid dragon is heavily wounded.
The acid dragon spits acid at you. The splash of acid hits you!!
* * * LOW HITPOINT WARNING * * *
The acid corrodes you!
You hear a bellow! x3; You hear a shout!
It was a potion of enlightenment.
You feel very buoyant.
You fly up into the air.
You block the gargoyle's attack. The acid dragon misses you.
The acid dragon claws you but does no damage.
It was a potion of resistance.
You feel protected. The gargoyle completely misses you.
The acid dragon spits acid at you. The splash of acid hits you! You resist.
* * * LOW HITPOINT WARNING * * *
It was a potion of berserk rage.
A red film seems to cover your vision as you go berserk!
You feel yourself moving faster!
You feel mighty! The gargoyle closely misses you.
The acid dragon bites you but does no damage.
The acid dragon closely misses you.
You slash the acid dragon!
The acid dragon is almost dead.
The gargoyle hurls a stone arrow at you.
The stone arrow hits you!
* * * LOW HITPOINT WARNING * * *
You can now pass through a line of other dancers.
You closely miss the acid dragon.
The acid dragon is almost dead.
The acid dragon bites you.
* * * LOW HITPOINT WARNING * * *
The acid dragon claws you.
You die...
Your body falls in perfect tune with the rhythm.

......#.##............#
#####.#...............#
####.................#####
#......##............#....
#.........................
.........#.................
...............§..........#
..##############9§§§§§## ..
#.@D§§§§## ##.##§§..#
#...§§..§§#
#...........§...
..####.####..... #.#. ..$.
.#.#. # # ...... .....
#....... .##. ....._


You could see an acid dragon (catching breath) and a gargoyle.

Vanquished Creatures
  A two-headed ogre (D:9)
  A wyvern (D:9)
  Grum (D:8)
  A water moccasin (D:7)
  2 orc warriors
  A sky beast (D:6)
  A black bear (D:6)
  An ice beast (D:6)
  3 wolves (D:8)
  3 centaurs
  5 kobold brigands
  A brain worm (Sewer)
  5 bullfrogs
  A gnoll sergeant (D:8)
  12 wights
  2 scorpions (D:4)
  10 killer bees
  A howler monkey (D:7)
  A bombardier beetle (D:5)
  4 gnoll boudas
  3 orc priests
  2 hounds
  6 iguanas
  A jelly (D:5)
  A sleepcap (D:7)
  5 orc wizards
  A mummy (D:5)
  9 adders
  22 gnolls
  A river rat (Sewer)
  A shadow imp (D:8)
  2 ufetubi (D:5)
  4 ribbon worms
  A dart slug (D:3)
  27 orcs
  8 bats
  13 endoplasms
  7 giant cockroaches
  9 goblins
  11 hobgoblins
  4 jackals
  22 kobolds
  5 quokkas
  10 ball pythons
  12 frilled lizards
  2 hobgoblin zombies (D:5)
  8 rats
254 creatures vanquished.

Notes
Turn   | Place    | Note
-------+----------+-------------------------------------------
     0 | D:1      | Orlauf the Demonspawn Gladiator began the quest for the
                  | Orb.
     0 | D:1      | Reached XP level 1. HP: 16/16 MP: 1/1
   192 | D:1      | Reached skill level 3 in Long Blades
   196 | D:1      | Gained mutation: A meltable shield of frost defends you.
                  | (SH +4) [demonic ancestry]
   196 | D:1      | Reached XP level 2. HP: 9/22 MP: 2/2
   545 | D:1      | Found Beiholei's Assorted Antiques.
   550 | D:1      | Bought a scroll labelled ALOIPO EG PIKI for 18 gold pieces
  1096 | D:2      | Reached XP level 3. HP: 22/28 MP: 3/3
  1147 | D:2      | Got Iklef's Volume of Peregrination
  1573 | D:2      | Identified the +5 whip "Huipim" {flame, rPois rF+}
  2009 | D:3      | Identified the +7 short sword of Sieheng {drain, rElec rN+}
  2020 | D:3      | Gained mutation: A meltable icy envelope protects you from
                  | harm. (AC +8) [demonic ancestry]
  2020 | D:3      | Reached XP level 4. HP: 28/34 MP: 4/4
  2243 | D:3      | Reached skill level 4 in Long Blades
  2502 | D:4      | Found Ea-nāṣir's Fine Metal Goods.
  2595 | D:4      | Gained mutation: You have a somewhat thin skeletal
                  | structure. (Dex +2, Stealth+) [demonic ancestry]
  2595 | D:4      | Reached XP level 5. HP: 29/41 MP: 5/5
  2743 | D:4      | Reached skill level 5 in Long Blades
  2914 | D:4      | Gained mutation: A meltable icy envelope protects you from
                  | harm. (AC +8) [demonic ancestry]
  2914 | D:4      | Reached XP level 6. HP: 48/48 MP: 6/6
  3326 | D:4      | Found a radiant altar of Vehumet.
  3328 | D:4      | Found an ornate altar of the Wu Jian Council.
  3328 | D:4      | Found a sparkling altar of Nemelex Xobeh.
  3742 | D:5      | Entered Level 5 of the Dungeon
  3765 | D:5      | Found a glowing drain.
  3787 | Sewer    | Entered a sewer
  3958 | Sewer    | Reached skill level 6 in Long Blades
  3958 | Sewer    | Reached XP level 7. HP: 35/55 MP: 7/7
  4240 | Sewer    | Reached skill level 5 in Fighting
  4479 | D:5      | Reached skill level 7 in Long Blades
  5151 | D:6      | Reached XP level 8. HP: 52/64 MP: 8/8
  5296 | D:6      | Found Uddacwe's Armour Shop.
  5410 | D:6      | Reached skill level 8 in Long Blades
  5944 | D:7      | Reached skill level 9 in Long Blades
  6176 | D:7      | Reached XP level 9. HP: 72/72 MP: 9/9
  6217 | D:7      | HP: 3/72 [bullfrog (3)]
  6670 | D:7      | Found a staircase to the Ecumenical Temple.
  6689 | Temple   | Entered the Ecumenical Temple
  7189 | D:8      | Reached skill level 10 in Long Blades
  8627 | D:8      | Noticed Grum
  8641 | D:8      | Killed Grum
  8671 | D:8      | Reached skill level 11 in Long Blades
  9013 | D:9      | Gained mutation: Spells you cast may paralyse adjacent
                  | enemies. [demonic ancestry]
  9013 | D:9      | Reached XP level 10. HP: 75/82 MP: 10/10
  9182 | D:9      | Found a hide-covered altar of Uskayaw.
  9193 | D:9      | Became a worshipper of Uskayaw the Reveller
  9231 | D:9      | Reached * piety under Uskayaw
  9253 | D:9      | Reached ** piety under Uskayaw
  9255 | D:9      | Reached skill level 1 in Invocations
  9257 | D:9      | Reached *** piety under Uskayaw
  9384 | D:9      | Found a shadowy altar of Dithmenos.
  9389 | D:9      | Found a shimmering blue altar of Sif Muna.
  9392 | D:9      | Found an opulent altar of Gozag.
  9394 | D:9      | Found a blossoming altar of Fedhas.
  9399 | D:9      | Found a burning altar of Makhleb.
  9442 | D:9      | Noticed a two-headed ogre
  9457 | D:9      | Reached **** piety under Uskayaw
  9459 | D:9      | Killed a two-headed ogre
  9670 | D:9      | Found a staircase to the Orcish Mines.
  9824 | D:9      | Found a staircase to the Lair.
 10011 | D:10     | Entered Level 10 of the Dungeon
 10055 | D:10     | Noticed a gargoyle
 10060 | D:10     | Found a stormy altar of Qazlal.
 10074 | D:10     | HP: 3/124 [gargoyle/stone arrow (12)]
 10075 | D:10     | Slain by an acid dragon

Illustrated notes

Levels and vault maps discovered:
D:1:      kennysheep_arrival_forest, layout_basic, serial_shops, shop,
          kennysheep_minor_cross, minmay_lizard_king
D:2:      layout_rooms, chequers_serial_rivers_room_b, minmay_between
D:3:      layout_loops_ring
D:4:      kennysheep_six_static_rooms, layout_loops_ring,
          grunt_temple_overflow_open, serial_rivers,
          chequers_serial_rivers_micro_a, chequers_serial_rivers_micro_c,
          chequers_serial_rivers_micro_c, chequers_serial_rivers_micro_c,
          kennysheep_doodads, nicolae_ea-nasir_strikes_again,
          corexii_corridor_pit
D:5:      layout_basic, nicolae_ossuary_entry_giza, portal_sewer_entry_f
D:6:      layout_loops_ring, serial_shops, kennysheep_mini_moat
D:7:      layout_basic, minmay_temple_entry_crystal_x, serial_rivers,
          chequers_serial_rivers_large_b, chequers_serial_rivers_micro_d,
          chequers_serial_rivers_micro_d, chequers_serial_rivers_marsh,
          chequers_serial_rivers_room_a, chequers_serial_rivers_micro_e
D:8:      layout_layer_cave, uniq_grum, uniq_maurice
D:9:      layout_long_grid, eat_drink_and_be_merry_uskayaw,
          nicolae_overflow_hallway_of_the_gods, orc_0_dummy
D:10:     layout_rooms, old_standard_altar, serial_glass, glass_columns_b,
          glass_columns_a, disabler_island
Temple:   bh_familiar_temple

Skill      XL: |  1  2  3  4  5  6  7  8  9 10 |
---------------+-------------------------------+-----
Long Blades    | 3 4 5 6 7 9 11 | 11.6
Fighting       | 3 4 5 7 8 9 |  9.0
Invocations    | 2 |  2.8
Maces & Flails | |  0.7
Throwing       | |  1.7
Dodging        | |  2.6

Action                     |  1- 3 |  4- 6 |  7- 9 | 10-12 || total
---------------------------+-------+-------+-------+-------++-------
  Melee: Long sword        |   150 |       |    96 |    40 ||   286
         Whip              |    26 |       |   168 |    44 ||   238
         Short sword       |       |   155 |   263 |       ||   418
  Throw: Throwing net      |       |       |     1 |     1 ||     2
  Evoke: Wand              |       |       |    15 |       ||    15
    Use: Scroll            |     4 |    10 |     5 |     3 ||    22
         Potion            |       |       |     1 |     3 ||     4
   Stab: Sleeping          |       |     1 |     6 |       ||     7
         Paralysed         |       |       |       |     3 ||     3
         Held in net/web   |       |       |       |     2 ||     2
 Armour: Ring mail         |   122 |    97 |   394 |       ||   613
         Leather armour    |     6 |       |       |       ||     6
         Scale mail        |       |       |    52 |       ||    52
         Plate armour      |       |       |    18 |    81 ||    99
  Dodge: Dodged            |    94 |    66 |   391 |    40 ||   591
  Block: Other             |    23 |    22 |    94 |     7 ||   146

Table legend: (Time is in decaauts)
 A = Elapsed time spent in this place.
 B = Non-inter-level travel time spent in this place.
 C = Inter-level travel time spent in this place.
 D = Time resting spent in this place.
 E = Time spent auto-exploring this place.
 F = Levels seen in this place.
 G = Mean time per level.
                   A        B        C        D        E       F      G
               +--------+--------+--------+--------+--------+-----+--------+
         Total |  10217 |   9878 |    339 |   1068 |   6414 |  12 |  851.4 |
       Dungeon |   9511 |   9172 |    339 |   1068 |   6398 |  10 |  951.1 |
        Temple |      1 |      1 |      0 |      0 |      0 |   1 |    1.0 |
         Sewer |    704 |    704 |      0 |      0 |     16 |   1 |  704.0 |
               +--------+--------+--------+--------+--------+-----+--------+

Top non-repeatable levels by time:
     D:8: 1914 daAuts
     D:4: 1229 daAuts
     D:6: 1145 daAuts
     D:1: 1046 daAuts
     D:9: 1031 daAuts
     D:7: 893 daAuts
     D:2: 816 daAuts
   Sewer: 704 daAuts
     D:5: 703 daAuts
     D:3: 667 daAuts
    D:10: 62 daAuts
  Temple: 1 daAuts
